 Dungeon Crawl Stone Soup version 0.28-b1-1-g3c77fb2ed1 (webtiles) character file.

Game seed: 11037747891701539986

58 Leshista the Skirmisher (level 4, 0/40 HPs)
             Began as a Hill Orc Fighter on Jan 27, 2022.
             Slain by an adder (2 damage)
             ... on level 2 of the Dungeon.
             The game lasted 00:30:37 (1449 turns).

Leshista the Skirmisher (Hill Orc Fighter)          Turns: 1449, Time: 00:30:37

Health: 0/40       AC:  7    Str: 23    XL:     4   Next: 2%
Magic:  4/4        EV:  9    Int:  8    God:
Gold:   21         SH:  5    Dex: 13    Spells: 3/3 levels left

rFire   x . .      SeeInvis .   q - +10 spear of the Rat {flame, rPois rF- Str+3 Dex+3}
rCold   . . .      Faith    .   c - +0 buckler
rNeg    . . .      Spirit   .   b - +0 scale mail
rPois   +          Reflect  .   (no helmet)
rElec   .          Harm     .   (no cloak)
rCorr   .          Rampage  .   (no gloves)
Will    .....                   (no boots)
Stlth   ..........              (no amulet)
HPRegen 0.13/turn               (no ring)
MPRegen 0.09/turn               (no ring)

@: no status effects
A: no striking features
a: no special abilities


You were on level 2 of the Dungeon.
You visited 1 branch of the dungeon, and saw 2 of its levels.

You collected 21 gold pieces.

Inventory:

Hand Weapons
 a - a +0 war axe
 f - a +0 hand axe
 h - a +0 dagger
 i - a +0 whip
 j - a +0 hand axe
 l - a +0 falchion
 m - a +0 short sword
 o - a +0 club
 p - a +0 hunting sling
 q - the +10 spear of the Rat (weapon) {flame, rPois rF- Str+3 Dex+3}
   (You found it on level 2 of the Dungeon)

   It burns those it strikes, dealing additional fire damage.
   Str:       It affects your strength (+3).
   Dex:       It affects your dexterity (+3).
   rF:        It makes you vulnerable to fire.
   rPois:     It protects you from poison.
 r - a +0 club
Missiles
 g - 73 stones (quivered)
Armour
 b - a +0 scale mail (worn)
 c - a +0 buckler (worn)
 n - a +0 ring mail
Scrolls
 e - 4 scrolls of enchant weapon {unknown}
 k - a scroll of enchant armour {unknown}
 s - a scroll of teleportation {unknown}
Potions
 d - a potion of might


   Skills:
 * Level 4.2 Fighting
 - Level 3.6 Axes
 + Level 4.0 Armour
 + Level 0.1 Dodging
 + Level 0.1 Stealth
 + Level 3.5 Shields


You had 3 spell levels left.
You didn't know any spells.
Your spell library was empty.

Dungeon Overview and Level Annotations

Branches:
Dungeon (2/15)

Altars:

Annotations:
D:2 Natasha


Message History

Unknown command.
Things that are here:
a +0 club; a rat corpse
r - a +0 club You hear a zap.
You hear a grinding noise.
s - a scroll labelled AJARUE TUDIEFO
There are no items here.
You hear a zap.
You hear a grinding noise.
You feel stronger.
You feel agile.
The +10 spear of the Rat {flame, rPois rF- Str+3 Dex+3} bursts into flame!
q - the +10 spear of the Rat (weapon)
{flame, rPois rF- Str+3 Dex+3}
Okay, then.
You hear a zap.
You hear a grinding noise.
There are no items here.
Natasha, Servant of Life and Death comes into view.
Natasha hisses angrily.
Natasha barely misses you. Natasha closely misses you. Natasha claws you.
Natasha claws you. Natasha barely misses you. Natasha barely misses you.
You block Natasha's attack. Natasha claws you! Natasha misses you.
Natasha claws you but does no damage.
The adder hisses angrily.
Natasha casts a spell at you. The magic dart hits you!
* * * LOW HITPOINT WARNING * * *
Natasha mewls in sadness.
Natasha claws you.
* * * LOW HITPOINT WARNING * * *
Natasha claws you!
* * * LOW HITPOINT WARNING * * *
Natasha extends her claws.
You block Natasha's attack. Natasha closely misses you.
The adder bites you but does no damage. The adder bites you.
You die...

...............
#..............
#............... #
#..........h....
##.#...............
.....>.............
#....††..........
#................
.##.h@S...........
#.................
#...##..<.........
..... #.###..#.###.
...###...###....#
## ...
#...#.....#..... ..
#...........###.
#...#.†<#####
#.......#


You could see Natasha, an adder and a jackal (wandering).

Vanquished Creatures
  Natasha (D:2)
  A worm (D:1)
  A dart slug (D:1)
  5 ball pythons
  2 bats (D:1)
  An endoplasm (D:1)
  A giant cockroach (D:1)
  3 goblins
  A hobgoblin (D:1)
  A jackal (D:1)
  A kobold (D:1)
  2 quokkas
  2 frilled lizards (D:1)
  4 rats
26 creatures vanquished.

Notes
Turn   | Place    | Note
-------+----------+-------------------------------------------
     0 | D:1      | Leshista the Hill Orc Fighter began the quest for the Orb.
     0 | D:1      | Reached XP level 1. HP: 19/19 MP: 1/1
   217 | D:1      | Reached XP level 2. HP: 20/27 MP: 2/2
  1043 | D:2      | Noticed Natasha
  1124 | D:1      | Reached XP level 3. HP: 32/33 MP: 3/3
  1339 | D:2      | Identified the +10 spear of the Rat {flame, rPois rF- Str+3
                  | Dex+3}
  1349 | D:2      | Killed Natasha
  1350 | D:2      | Reached XP level 4. HP: 16/40 MP: 4/4
  1430 | D:2      | Noticed Natasha
  1446 | D:2      | HP: 2/40 [Natasha (7)]
  1449 | D:2      | Slain by an adder

Illustrated notes

Levels and vault maps discovered:
D:1:      dpeg_arrival_simpleton_b, layout_basic, feat_on_display
D:2:      layout_rooms, minmay_3d_cube, uniq_natasha, uniq_crazy_yiuf_cottage

Skill      XL: |  1  2  3 |
---------------+----------+-----
Fighting       | 4 |  4.2
Axes           | 3 |  3.6
Armour         | 4 |  4.0
Dodging        | |  0.1
Stealth        | |  0.1
Shields        | |  3.5

Action                   |  1- 3 |  4- 6 || total
-------------------------+-------+-------++-------
Melee: War axe           |    81 |       ||    81
Armor: Scale mail        |    33 |     2 ||    35
Dodge: Dodged            |    35 |     6 ||    41
Block: Buckler           |    17 |     2 ||    19
